[Event "Titled Tuesday Blitz July 11 Late 2023"]
[White "Moral Garcia, Serafin"]
[Black "Ter-Sahakyan, Samvel"]
[WhiteFideId "2201925"]
[BlackFideId "13302531"]
[WhiteElo "2531"]
[BlackElo "2851"]
[Result "1-0"]
[Round "2"]
[TimeControl "180+2"]
[Date "2023.07.11"]
[WhiteClock "0:00:19"]
[BlackClock "0:00:00"]
[Board "37"]

1. e4 c6 2. d4 d5 3. exd5 cxd5 4. c4 Nf6 5. Nc3 Nc6 6. Bg5 dxc4 7. Bxc4 h6 8. Bxf6 exf6 9. Nf3 Bd6 10. O-O O-O 11. h3 Bf5 12. Re1 Rc8 13. Bd3 Bd7 14. a3 a6 15. Bc2 Ne7 16. Ne4 Bb8 17. Nc5 Bc6 18. Be4 Nd5 19. Rc1 Qd6 20. g3 Rfe8 21. Qb3 Re7 22. Nd2 Rce8 23. Red1 h5 24. h4 g6 25. Bg2 Kg7 26. a4 Ba7 27. Nc4 Qd8 28. Qa3 Bb8 29. b4 Bc7 30. b5 axb5 31. axb5 Bxb5 32. Nxb7 Qd7 33. Nbd6 Bxd6 34. Nxd6 Bc6 35. Nxe8+ Rxe8 36. Rc5 Ba8 37. Qa5 Rd8 38. Rdc1 1-0


[Site "https://www.chess.com"]

[Event "Titled Tuesday Blitz July 11 Late 2023"]
[White "brm72"]
[Black "Moroni, Luca Jr"]
[BlackFideId "865834"]
[WhiteElo "2530"]
[BlackElo "2842"]
[Result "0-1"]
[Round "2"]
[TimeControl "180+2"]
[Date "2023.07.11"]
[WhiteClock "0:00:00"]
[BlackClock "0:00:22"]
[Board "38"]

1. e4 g6 2. d4 Bg7 3. Nc3 d6 4. Be3 Nf6 5. Qd2 O-O 6. Bh6 c5 7. Nf3 cxd4 8. Nxd4 Nc6 9. Bxg7 Kxg7 10. O-O-O Nxd4 11. Qxd4 Qa5 12. f3 b5 13. Bxb5 Rb8 14. Bc4 Be6 15. Bb3 Rfc8 16. Kb1 Rb4 17. Qe3 Qc7 18. Rd4 a5 19. g4 Qa7 20. Rd3 Qa6 21. e5 dxe5 22. Qxe5 Kg8 23. h4 Nd7 24. Rxd7 Bxd7 25. Qxe7 Be6 26. h5 Bxb3 27. axb3 Qe6 28. Qg5 a4 29. bxa4 Rcb8 30. Nb5 Rxa4 31. b3 Rb4 0-1


[Site "https://www.chess.com"]

[Event "Titled Tuesday Blitz July 11 Late 2023"]
[White "D`Arruda, Ricardo D."]
[Black "Elsa167"]
[WhiteFideId "100692"]
[WhiteElo "2530"]
[BlackElo "2828"]
[Result "0-1"]
[Round "2"]
[TimeControl "180+2"]
[Date "2023.07.11"]
[WhiteClock "0:02:03"]
[BlackClock "0:01:10"]
[Board "39"]

1. d4 Nf6 2. Nf3 d5 3. c4 e6 4. e3 Bd6 5. Nc3 O-O 6. Bd3 Nc6 7. O-O dxc4 8. Bxc4 e5 9. d5 Ne7 10. e4 Ng6 11. g3 Bg4 12. Re1 a6 13. Be2 h6 14. a4 Qd7 15. Nd2 Bh3 16. Bf1 Nh7 17. Bxh3 Qxh3 18. Qf3 Bc5 19. Nd1 f5 20. exf5 Rxf5 21. Qg2 Ng5 22. Ne4 Nf3+ 0-1


[Site "https://www.chess.com"]

[Event "Titled Tuesday Blitz July 11 Late 2023"]
[White "Warmerdam, Max"]
[Black "Keleberda, Tymur"]
[WhiteFideId "1048104"]
[BlackFideId "14174294"]
[WhiteElo "2821"]
[BlackElo "2529"]
[Result "1/2-1/2"]
[Round "2"]
[TimeControl "180+2"]
[Date "2023.07.11"]
[WhiteClock "0:00:13"]
[BlackClock "0:00:07"]
[Board "40"]

1. Nf3 Nf6 2. g3 e6 3. Bg2 d5 4. O-O Be7 5. d4 O-O 6. Ne5 b5 7. a4 b4 8. c4 bxc3 9. bxc3 Bb7 10. c4 Nc6 11. Nc3 Na5 12. cxd5 Nxd5 13. Ne4 Nb4 14. Ba3 Bd5 15. Rc1 Nac6 16. Nxc6 Nxc6 17. Bxe7 Nxe7 18. Qc2 c6 19. Ng5 Nf5 20. Bxd5 cxd5 21. Nf3 h5 22. Qc5 Qd7 23. Qa5 Nd6 24. Ne5 Qd8 25. Rc7 Nc4 26. Nxc4 dxc4 27. Qc5 Rc8 28. Rxc8 Qxc8 29. Qxa7 Qc6 30. Rc1 Ra8 31. Qc5 Qxa4 32. Qxc4 Qxc4 33. Rxc4 g6 34. Kg2 Ra1 35. h4 Rd1 36. Kf3 Kg7 37. Ke3 Kf6 38. f3 Ra1 39. Kf4 Ra5 40. Rc5 Ra4 41. e3 Rb4 42. g4 hxg4 43. fxg4 Rb1 44. e4 Rf1+ 45. Ke3 Rh1 46. h5 gxh5 47. gxh5 Rh3+ 48. Kf4 Rh4+ 49. Kf3 Rh1 50. Ra5 Rf1+ 51. Ke2 Rh1 52. Kf2 Rh2+ 53. Kg3 Rh1 54. Rc5 Rg1+ 55. Kf4 Rf1+ 56. Kg4 Rg1+ 57. Kf3 Rf1+ 58. Kg2 Rd1 59. d5 exd5 60. Rxd5 Re1 61. Kf3 Rh1 62. Rf5+ Ke6 63. Kf4 f6 64. Ke3 Rh3+ 65. Kd4 Rh1 66. Ra5 Rd1+ 67. Ke3 Re1+ 68. Kf3 Rf1+ 69. Ke2 Rh1 70. Kf2 Rh2+ 71. Kg3 Rh1 72. Kf3 Rf1+ 73. Ke2 Rh1 74. Ke3 Ke7 75. Ra7+ Ke6 76. Rh7 Ke5 77. Re7+ Kd6 78. Rh7 Ke5 79. Kf3 Rf1+ 80. Kg2 Rb1 81. Re7+ Kf4 82. h6 Rb2+ 83. Kf1 Kf3 84. Ke1 Rh2 85. h7 Ke3 86. Kf1 Kf3 87. Kg1 Rh6 88. Rg7 Kxe4 89. Kg2 Kf5 90. Kg3 Rh1 91. Kf3 Rh2 92. Ke3 Ke5 93. Kd3 f5 94. Ke3 Rh3+ 95. Kf2 Kf4 96. Kg2 Rh6 97. Kf2 Ke5 98. Kg3 Kf6 99. Ra7 Kg6 100. Kf4 Rxh7 101. Ra6+ Kg7 102. Kxf5 Rh5+ 103. Kg4 Rh6 104. Rxh6 Kxh6 1/2-1/2


[Site "https://www.chess.com"]

[Event "Titled Tuesday Blitz July 11 Late 2023"]
[White "FoxOnTheRun97"]
[Black "Kravtsiv, Martyn"]
[BlackFideId "14113147"]
[WhiteElo "2529"]
[BlackElo "2816"]
[Result "0-1"]
[Round "2"]
[TimeControl "180+2"]
[Date "2023.07.11"]
[WhiteClock "0:00:11"]
[BlackClock "0:01:19"]
[Board "41"]

1. d4 d5 2. g3 e6 3. Bg2 Nf6 4. Nf3 c5 5. dxc5 Bxc5 6. O-O O-O 7. a3 a5 8. Nbd2 Nc6 9. c4 d4 10. Qc2 e5 11. Rd1 h6 12. Ne4 Nxe4 13. Qxe4 Qe7 14. Qh4 Be6 15. Qxe7 Bxe7 16. e3 dxe3 17. Bxe3 Bxc4 18. Rac1 Be6 19. Bc5 Bxc5 20. Rxc5 Rfd8 21. Rcc1 Bb3 22. Re1 f6 23. Rc3 Bd5 24. Rec1 e4 25. Nh4 Nd4 26. Re1 g5 27. Ng6 Kf7 28. Rc7+ Kxg6 29. g4 Rac8 30. Re7 Nf3+ 31. Bxf3 exf3 32. h4 gxh4 33. Kh2 Bc6 34. Kh3 Re8 35. Kxh4 Rxe7 36. Rxe7 Re8 37. Rc7 0-1


[Site "https://www.chess.com"]

[Event "Titled Tuesday Blitz July 11 Late 2023"]
[White "Talibov, Shiroghlan"]
[Black "Michalczak, Thomas"]
[WhiteFideId "13429078"]
[BlackFideId "4622634"]
[WhiteElo "2813"]
[BlackElo "2529"]
[Result "1-0"]
[Round "2"]
[TimeControl "180+2"]
[Date "2023.07.11"]
[WhiteClock "0:01:19"]
[BlackClock "0:00:08"]
[Board "42"]

1. g3 e5 2. c4 Nf6 3. Bg2 c6 4. a3 d5 5. cxd5 cxd5 6. d4 e4 7. Nc3 Nc6 8. Nh3 h6 9. Nf4 g5 10. Nh3 Bg7 11. O-O O-O 12. f3 exf3 13. exf3 Nh7 14. Be3 Re8 15. Bf2 Be6 16. Kh1 Qb6 17. Na4 Qa5 18. b4 Qd8 19. Ng1 b6 20. Rc1 Rc8 21. f4 gxf4 22. gxf4 Nf6 23. f5 Bxf5 24. Bh4 Be4 25. b5 Bxg2+ 26. Kxg2 Na5 27. Rxc8 Qxc8 28. Bxf6 Nc4 29. Qf3 Ne3+ 30. Kh1 Nxf1 31. Qg2 1-0


[Site "https://www.chess.com"]

[Event "Titled Tuesday Blitz July 11 Late 2023"]
[White "Troff, Kayden"]
[Black "Ismagilov, Damir"]
[WhiteFideId "2047896"]
[BlackFideId "34199982"]
[WhiteElo "2807"]
[BlackElo "2529"]
[Result "1-0"]
[Round "2"]
[TimeControl "180+2"]
[Date "2023.07.11"]
[WhiteClock "0:00:18"]
[BlackClock "0:00:22"]
[Board "43"]

1. e4 c5 2. Nc3 e5 3. Bc4 d6 4. d3 Be7 5. Nge2 Nf6 6. O-O Nc6 7. a4 O-O 8. f4 exf4 9. Nxf4 Ne5 10. Ba2 Bd7 11. Nfd5 Nxd5 12. Bxd5 Rb8 13. Bf4 Bg5 14. Qd2 Bxf4 15. Qxf4 Be6 16. Rf2 Qe7 17. Raf1 a6 18. a5 h6 19. h3 Ng6 20. Qg3 Ne5 21. Kh2 Qc7 22. Rf6 Kh7 23. Bxe6 gxf6 24. Nd5 Qd8 25. Nxf6+ Kh8 26. Bd5 Qe7 27. Qh4 Ng4+ 28. hxg4 Qe5+ 29. g3 Kg7 30. Rf5 Qxb2 31. Kh3 Qa1 32. Kg2 Qb2 33. Rf2 Rbd8 34. g5 Rh8 35. Nh5+ Kf8 36. Rxf7+ Ke8 37. Nf6+ 1-0


[Site "https://www.chess.com"]

[Event "Titled Tuesday Blitz July 11 Late 2023"]
[White "Poltorak, Sebastian"]
[Black "Zemlyanskii, Ivan"]
[WhiteFideId "1199498"]
[BlackFideId "24249971"]
[WhiteElo "2527"]
[BlackElo "2797"]
[Result "0-1"]
[Round "2"]
[TimeControl "180+2"]
[Date "2023.07.11"]
[WhiteClock "0:00:16"]
[BlackClock "0:00:29"]
[Board "44"]

1. e4 c5 2. Nc3 e6 3. Nge2 Nc6 4. g3 Nf6 5. Bg2 d5 6. exd5 exd5 7. d4 cxd4 8. Nxd4 Bg4 9. Nce2 Bc5 10. Nb3 Bb6 11. O-O O-O 12. Bg5 h6 13. Bf4 Re8 14. Re1 g5 15. Be3 Bxe3 16. fxe3 Rxe3 17. Qd2 Rxe2 18. Rxe2 Bxe2 19. Qxe2 Qb6+ 20. Qf2 Qxf2+ 21. Kxf2 Rd8 22. Rd1 Kg7 23. h3 Kg6 24. c3 Ne4+ 25. Kg1 Nxg3 26. Bxd5 Ne2+ 27. Kf2 Nf4 28. Be4+ f5 29. Rxd8 Nxd8 30. Bg2 Nd3+ 31. Ke3 Nxb2 32. Nd4 Nc4+ 33. Kd3 Ne5+ 34. Ke2 Ndc6 35. Nb5 h5 36. a4 g4 37. Nd6 f4 38. Be4+ Kg5 39. hxg4 hxg4 40. Nxb7 f3+ 41. Ke3 Nc4+ 42. Kf2 Kf4 43. Bxc6 g3+ 44. Ke1 f2+ 45. Ke2 Ne3 46. Bg2 Nxg2 47. Nc5 Ne3 48. Nd3+ Ke4 49. Nxf2+ gxf2 50. Kxf2 Nd5 51. c4 Nb6 52. c5 Nxa4 53. c6 Kd5 54. c7 Nb6 55. Ke3 Kc6 56. Kd4 Kxc7 57. Kc3 Kb7 58. Kb4 Ka6 59. Ka3 Kb5 60. Kb3 a5 61. Ka3 a4 62. Kb2 Kb4 63. Ka2 a3 64. Ka1 Nd5 65. Ka2 Ka4 66. Ka1 Nb4 67. Kb1 Kb3 68. Ka1 Nc2+ 69. Kb1 a2+ 70. Kc1 a1=Q+ 71. Kd2 Qe1+ 72. Kd3 Qe3# 0-1


[Site "https://www.chess.com"]

[Event "Titled Tuesday Blitz July 11 Late 2023"]
[White "Bartel, Mateusz"]
[Black "Kalogeris, Ioannis"]
[WhiteFideId "1112635"]
[BlackFideId "4239563"]
[WhiteElo "2795"]
[BlackElo "2524"]
[Result "0-1"]
[Round "2"]
[TimeControl "180+2"]
[Date "2023.07.11"]
[WhiteClock "0:00:00"]
[BlackClock "0:00:19"]
[Board "45"]

1. e3 d5 2. Nf3 Nf6 3. h3 g6 4. b3 Bg7 5. Bb2 O-O 6. d4 c5 7. dxc5 Na6 8. Bxa6 Qa5+ 9. Nbd2 Qxa6 10. Qe2 b6 11. Qxa6 Bxa6 12. cxb6 axb6 13. O-O-O Be2 14. Rde1 Bxf3 15. gxf3 Rxa2 16. Kb1 Rfa8 17. c3 Nd7 18. f4 b5 19. e4 b4 20. e5 Nc5 21. Re3 Bh6 22. Rf3 Bxf4 23. cxb4 Ne6 24. Rd1 Rxb2+ 25. Kxb2 Bxe5+ 26. Kc2 Nd4+ 27. Kd3 Nxf3 28. Nxf3 Bd6 29. Nd4 Bxb4 30. Nc6 Bd6 31. b4 Ra3+ 32. Kc2 e6 33. b5 Bc5 34. Rb1 Bb6 35. Ne5 Ra7 36. Nc6 Rb7 37. Kd3 f6 38. f3 Kf7 39. f4 Ke8 40. h4 Kd7 41. h5 Kd6 42. hxg6 hxg6 43. Rh1 Bc7 44. Rb1 e5 45. fxe5+ fxe5 46. Rg1 Rxb5 47. Rxg6+ Kc5 48. Ne7 Rb3+ 49. Kc2 Rb7 50. Rc6+ Kd4 51. Nf5+ Ke4 52. Ne7 Bd8 53. Nc8 Rc7 54. Nd6+ Kf4 55. Rxc7 Bxc7 56. Nb5 Bb6 57. Nc3 d4 58. Nd5+ Kf3 59. Nxb6 Ke2 60. Nc4 e4 61. Nd2 e3 62. Ne4 d3+ 0-1


[Site "https://www.chess.com"]

[Event "Titled Tuesday Blitz July 11 Late 2023"]
[White "Svane, Frederik"]
[Black "feuervogel1000000"]
[WhiteFideId "12923044"]
[WhiteElo "2793"]
[BlackElo "2522"]
[Result "1-0"]
[Round "2"]
[TimeControl "180+2"]
[Date "2023.07.11"]
[WhiteClock "0:00:04"]
[BlackClock "0:01:03"]
[Board "46"]

1. c4 e6 2. Nc3 d5 3. d4 Nf6 4. cxd5 exd5 5. Bf4 c6 6. e3 Be7 7. Bd3 O-O 8. Nf3 Re8 9. O-O Nbd7 10. h3 Nf8 11. Rb1 Ne6 12. Be5 a5 13. a3 b5 14. Qc2 g6 15. Ne2 Bb7 16. Rbc1 Nd7 17. Bh2 Bf6 18. e4 dxe4 19. Bxe4 Rc8 20. Rfd1 Nb6 21. Ne5 Nd5 22. Qd2 Bg5 23. f4 Bh6 24. Kh1 Qf6 25. Ng4 Qg7 26. Nxh6+ Qxh6 27. Bf3 a4 28. Re1 Qg7 29. Rcd1 Red8 30. f5 gxf5 31. Ng3 Ne7 32. Nh5 Qg6 33. Be5 Kf8 34. Nf6 Ng8 35. Bh5 Qh6 36. Qxh6+ Nxh6 37. Nxh7+ Kg8 38. Nf6+ Kf8 39. Bf3 f4 40. Be4 Ke7 41. Nh5 Kd7 42. Nxf4 Rg8 43. Nxe6 fxe6 44. Rf1 Rce8 45. Kg1 Re7 46. Rf6 Nf7 47. Rdf1 Nxe5 48. dxe5 Reg7 49. g4 Ke7 50. Kg2 Rd8 51. Kg3 Rd4 52. Bg2 Rd3+ 53. R6f3 Rd2 54. R1f2 Rd5 55. Re3 Rd4 56. Rf4 Rd2 57. Rf2 Rd4 58. Bf3 Kd7 59. Be4 Kc7 60. Rf6 Re7 61. g5 c5 62. Bxb7 Kxb7 63. h4 b4 64. Rf4 Red7 65. Kg4 Rd2 66. g6 Rg2+ 67. Rg3 Rxb2 68. Rf7 Rxf7 69. gxf7 Rf2 70. Rf3 Rg2+ 71. Kh3 1-0


[Site "https://www.chess.com"]

[Event "Titled Tuesday Blitz July 11 Late 2023"]
[White "Kadric, Denis"]
[Black "Sebag, Marie"]
[WhiteFideId "14403803"]
[BlackFideId "617822"]
[WhiteElo "2789"]
[BlackElo "2521"]
[Result "1-0"]
[Round "2"]
[TimeControl "180+2"]
[Date "2023.07.11"]
[WhiteClock "0:02:24"]
[BlackClock "0:00:57"]
[Board "47"]

1. e4 c5 2. Nc3 Nc6 3. Nge2 g6 4. d4 cxd4 5. Nxd4 Bg7 6. Be3 Nf6 7. Bc4 O-O 8. Bb3 d6 9. f3 Bd7 10. h4 h5 11. Qd2 Nxd4 12. Bxd4 b5 13. g4 b4 14. Nd5 e5 15. Be3 hxg4 16. h5 Nxh5 17. Bg5 Qa5 18. Ne7+ Kh8 19. Rxh5+ gxh5 20. Qh2 1-0


[Site "https://www.chess.com"]

[Event "Titled Tuesday Blitz July 11 Late 2023"]
[White "Yeritsyan, Hayk"]
[Black "Licznerski, Lukasz"]
[WhiteFideId "13307320"]
[BlackFideId "1179250"]
[WhiteElo "2519"]
[BlackElo "2789"]
[Result "0-1"]
[Round "2"]
[TimeControl "180+2"]
[Date "2023.07.11"]
[WhiteClock "0:00:07"]
[BlackClock "0:00:05"]
[Board "48"]

1. d4 Nf6 2. Nf3 e6 3. e3 c5 4. Bd3 cxd4 5. exd4 b6 6. c3 Bb7 7. Bf4 Be7 8. Nbd2 O-O 9. Qe2 a6 10. O-O d6 11. Rfe1 Nbd7 12. Ng5 e5 13. dxe5 dxe5 14. Bg3 h6 15. Nge4 Re8 16. Nxf6+ Nxf6 17. Ne4 Qc7 18. Nxf6+ Bxf6 19. Be4 Rad8 20. Rad1 Bxe4 21. Qxe4 Rxd1 22. Rxd1 Rd8 23. Rd5 g6 24. h3 Rxd5 25. Qxd5 Kg7 26. c4 h5 27. h4 Qe7 28. f3 Bxh4 29. Qxe5+ Qxe5 30. Bxe5+ Bf6 31. Bf4 Bxb2 32. Be3 b5 33. cxb5 axb5 34. Kf2 Kf6 35. g4 h4 36. f4 Ke6 37. Kf3 Kd5 38. Bf2 h3 39. Kg3 Ke4 40. f5 gxf5 41. gxf5 Kxf5 42. Kxh3 Ke4 43. Kg4 f5+ 44. Kg3 Be5+ 45. Kg2 f4 46. Kf1 f3 47. Bc5 Bd4 48. Bb4 Kd3 49. Be7 Kc2 50. a3 Kb3 51. Bd6 Ka2 52. Be7 Ba7 53. Bd6 Be3 54. Be7 Bc1 55. Kf2 Bxa3 56. Bf6 b4 57. Kxf3 b3 58. Ke2 Bb2 59. Bg5 Bg7 60. Bc1 Bh6 61. Ba3 Kxa3 0-1


[Site "https://www.chess.com"]

[Event "Titled Tuesday Blitz July 11 Late 2023"]
[White "Perez Ponsa, Federico"]
[Black "ArchibaldCerveza29"]
[WhiteFideId "117927"]
[WhiteElo "2786"]
[BlackElo "2517"]
[Result "1-0"]
[Round "2"]
[TimeControl "180+2"]
[Date "2023.07.11"]
[WhiteClock "0:02:01"]
[BlackClock "0:00:17"]
[Board "49"]

1. e4 e5 2. Nf3 Nc6 3. d4 exd4 4. Nxd4 Bc5 5. Nb3 Bb6 6. Qe2 d6 7. Nc3 Nf6 8. Be3 O-O 9. O-O-O Re8 10. f3 Be6 11. g4 Bxe3+ 12. Qxe3 a5 13. Bb5 Nd7 14. a4 Nb4 15. Nd4 c6 16. Be2 Nc5 17. Nf5 Bxf5 18. gxf5 Qf6 19. Qd4 Qxd4 20. Rxd4 d5 21. Rhd1 Kf8 22. Bf1 dxe4 23. fxe4 Ke7 24. e5 Kf8 25. Re1 Rad8 26. Rh4 h6 27. Bc4 Re7 28. Rg4 Red7 29. Reg1 Rd2 30. Rxg7 Rxc2+ 31. Kb1 Rdd2 32. Rxf7+ Ke8 33. Rg8# 1-0


[Site "https://www.chess.com"]

[Event "Titled Tuesday Blitz July 11 Late 2023"]
[White "Schmakel, Sam"]
[Black "Zhang, Derek"]
[WhiteFideId "2039311"]
[BlackFideId "2087871"]
[WhiteElo "2786"]
[BlackElo "2516"]
[Result "1-0"]
[Round "2"]
[TimeControl "180+2"]
[Date "2023.07.11"]
[WhiteClock "0:00:17"]
[BlackClock "0:00:10"]
[Board "50"]

1. d4 d6 2. e4 e5 3. Nf3 exd4 4. Nxd4 Nf6 5. Nc3 Be7 6. Bf4 O-O 7. Qd2 c6 8. O-O-O b5 9. f3 Qb6 10. g4 b4 11. Nce2 c5 12. Nf5 Bxf5 13. gxf5 Nc6 14. Rg1 Ne5 15. Bxe5 dxe5 16. Qh6 Ne8 17. Qxb6 axb6 18. Kb1 Nf6 19. Ng3 Rfd8 20. Bb5 Rd4 21. c3 bxc3 22. bxc3 Rdd8 23. a4 Kf8 24. Kc2 Ne8 25. Kb3 Bh4 26. Ne2 Nd6 27. Rgf1 Bg5 28. Rd5 Nxb5 29. axb5 Ra5 30. Rxd8+ Bxd8 31. Rd1 Ke7 32. c4 Ra7 33. Nc3 Rd7 34. Nd5+ Kf8 35. Ra1 Rb7 36. Ra8 Ke8 37. Rc8 Kd7 38. Rc6 f6 39. h4 Bc7 40. Nxc7 Rxc7 41. Rxb6 Ra7 42. Ra6 Rxa6 43. bxa6 Kc6 44. Ka4 Kb6 45. a7 Kxa7 46. Kb5 1-0


[Site "https://www.chess.com"]

[Event "Titled Tuesday Blitz July 11 Late 2023"]
[White "Deng, Henry"]
[Black "Tristan, Leonardo"]
[WhiteFideId "30965454"]
[BlackFideId "113816"]
[WhiteElo "2500"]
[BlackElo "2778"]
[Result "0-1"]
[Round "2"]
[TimeControl "180+2"]
[Date "2023.07.11"]
[WhiteClock "0:00:13"]
[BlackClock "0:00:10"]
[Board "51"]

1. e4 d5 2. exd5 Qxd5 3. Nc3 Qa5 4. d4 Nf6 5. Nf3 Bf5 6. Bc4 e6 7. Bd2 Bb4 8. O-O Nc6 9. a3 Bxc3 10. Bxc3 Qb6 11. d5 O-O-O 12. Qe2 exd5 13. Bxf6 gxf6 14. Bd3 Bg4 15. h3 Nd4 16. Qe3 Nxf3+ 17. gxf3 Bxh3 18. Qxb6 axb6 19. Rfe1 Rhg8+ 20. Kh2 Be6 21. f4 Rg4 22. Re3 Rxf4 23. Kg2 d4 24. Rg3 h5 25. Re1 h4 26. Rg7 h3+ 27. Kg3 Rf5 28. Bxf5 Bxf5 29. Re2 Rh8 30. Kh2 Bg6 31. f4 f5 32. Rd2 c5 33. c3 Kd7 34. cxd4 Ke6 35. dxc5 bxc5 36. Rc2 Kf6 37. Rxg6+ fxg6 38. Rxc5 Rh4 39. Rb5 Rxf4 40. Kxh3 g5 41. Rxb7 g4+ 42. Kg2 Rd4 43. Rb3 Kg5 44. Kg1 f4 45. Rb8 g3 46. b4 f3 47. Rg8+ Kf4 48. Rf8+ Ke3 49. Re8+ Re4 50. Rxe4+ Kxe4 51. b5 Ke3 52. b6 Ke2 53. b7 f2+ 54. Kg2 f1=Q+ 55. Kxg3 Qf3+ 56. Kh4 Qxb7 57. Kg5 Qa6 58. a4 Qxa4 59. Kf6 Qe4 60. Kg7 Qf5 61. Kg8 Qf6 62. Kh7 Qg5 63. Kh8 Ke3 64. Kh7 Ke4 65. Kh8 Ke5 66. Kh7 Kf6 67. Kh8 Qg7# 0-1


[Site "https://www.chess.com"]

[Event "Titled Tuesday Blitz July 11 Late 2023"]
[White "Vakhlamov, Igor L."]
[Black "Martinez Reyes, Pedro Ramon"]
[WhiteFideId "24126748"]
[BlackFideId "3901807"]
[WhiteElo "2776"]
[BlackElo "2500"]
[Result "1/2-1/2"]
[Round "2"]
[TimeControl "180+2"]
[Date "2023.07.11"]
[WhiteClock "0:00:01"]
[BlackClock "0:00:10"]
[Board "52"]

1. e4 e6 2. d4 d5 3. Nc3 Nf6 4. Bd3 a6 5. Nf3 Be7 6. O-O Nc6 7. e5 Nd7 8. a3 Nb6 9. Ne2 Bd7 10. b3 Na7 11. a4 c5 12. Nf4 g6 13. a5 Nbc8 14. Re1 cxd4 15. Nxd4 Nc6 16. Nxc6 Bxc6 17. Bb2 Bb4 18. Ba3 Qxa5 19. Bxb4 Qxb4 20. Qf3 Ne7 21. Qg3 h6 22. h4 O-O-O 23. Ne2 Kb8 24. c3 Qb6 25. Nd4 Rhg8 26. Qe3 g5 27. h5 Bd7 28. b4 Rc8 29. Ra3 Nc6 30. b5 Nxd4 31. bxa6 Qc5 32. Rb1 Ne2+ 33. Bxe2 Qxe3 34. Rxb7+ Ka8 35. fxe3 Rgd8 36. Rab3 Rb8 37. c4 Bc6 38. Rxb8+ Rxb8 39. Rxb8+ Kxb8 40. Kf2 Ka7 41. c5 Bd7 42. Ke1 Bc8 43. Bb5 Bxa6 44. Be8 Bc8 45. Bxf7 Kb7 46. Be8 Kc7 47. Kd2 Kd8 48. Ba4 Kc7 49. Bb5 Bd7 50. Bxd7 Kxd7 51. Kc3 Kc7 52. Kb3 g4 53. g3 Kb7 54. Ka4 Ka6 55. Kb4 Ka7 56. Ka5 Kb7 57. Kb5 Kc7 58. c6 Kc8 59. Kb6 Kb8 60. Kb5 Kc8 61. Kb4 Kb8 62. Kc5 Kc7 63. Kb5 Kc8 1/2-1/2


[Site "https://www.chess.com"]

[Event "Titled Tuesday Blitz July 11 Late 2023"]
[White "Merino Garcia, Rafael II"]
[Black "Mahdavi, Reza"]
[WhiteFideId "2209128"]
[BlackFideId "12595926"]
[WhiteElo "2499"]
[BlackElo "2770"]
[Result "0-1"]
[Round "2"]
[TimeControl "180+2"]
[Date "2023.07.11"]
[WhiteClock "0:00:06"]
[BlackClock "0:01:46"]
[Board "53"]

1. d4 Nf6 2. Nf3 e6 3. g3 b5 4. Bg2 Bb7 5. O-O c5 6. a4 b4 7. c4 cxd4 8. Nxd4 Bxg2 9. Kxg2 Qc8 10. b3 Be7 11. Bf4 O-O 12. Nd2 Qb7+ 13. f3 d5 14. Rc1 Nbd7 15. Be3 Rfd8 16. Rc2 Bf8 17. Qc1 g6 18. Bf2 e5 19. Nb5 a6 20. c5 Qc6 21. Nd6 Bxd6 22. cxd6 Qxd6 23. Rc6 Qe7 24. Rc7 d4 25. Nc4 Nd5 26. Rc6 Nc3 27. Qd2 Rdc8 28. Rxc8+ Rxc8 29. Qh6 Nc5 30. Re1 Nxb3 31. Nb6 Rc6 32. h4 Rxb6 33. h5 Qf8 34. Qg5 f6 35. Qg4 f5 36. Qg5 Qf6 37. Qh6 g5 0-1


[Site "https://www.chess.com"]

[Event "Titled Tuesday Blitz July 11 Late 2023"]
[White "Rangel, Daniel"]
[Black "Llorente Zaro, Alfonso"]
[WhiteFideId "2124475"]
[BlackFideId "2254131"]
[WhiteElo "2474"]
[BlackElo "2756"]
[Result "1-0"]
[Round "2"]
[TimeControl "180+2"]
[Date "2023.07.11"]
[WhiteClock "0:00:03"]
[BlackClock "0:00:08"]
[Board "54"]

1. c4 e6 2. g3 d5 3. Bg2 Nf6 4. Nf3 Be7 5. O-O O-O 6. b3 a5 7. Ba3 a4 8. Bxe7 Qxe7 9. Nc3 axb3 10. axb3 Rxa1 11. Qxa1 Nc6 12. d4 Qb4 13. cxd5 exd5 14. e3 Bf5 15. Qb2 Ra8 16. Ne5 Ne7 17. Ra1 Rxa1+ 18. Qxa1 Qxb3 19. h3 h6 20. Qa8+ Nc8 21. Qa1 Nb6 22. Ne2 Be4 23. Qa7 Qd1+ 24. Bf1 Nc4 25. Qb8+ Kh7 26. Nxf7 Bd3 27. Qh8+ Kg6 28. Nf4+ Kf5 29. Nxd3 Nd2 30. Nxh6+ gxh6 31. g4+ Ke6 32. Qc8+ Kd6 33. Qf8+ Ke6 34. Nc5# 1-0


[Site "https://www.chess.com"]

[Event "Titled Tuesday Blitz July 11 Late 2023"]
[White "Yanchenko, Roman"]
[Black "Karas, Marek"]
[WhiteFideId "4137329"]
[BlackFideId "14928558"]
[WhiteElo "2752"]
[BlackElo "2468"]
[Result "0-1"]
[Round "2"]
[TimeControl "180+2"]
[Date "2023.07.11"]
[WhiteClock "0:00:21"]
[BlackClock "0:01:03"]
[Board "55"]

1. d4 Nf6 2. c4 c5 3. Nf3 cxd4 4. Nxd4 e6 5. Nc3 Nc6 6. g3 Bb4 7. Nb5 d5 8. a3 Bxc3+ 9. Nxc3 d4 10. Nb1 O-O 11. Bg2 e5 12. Nd2 Be6 13. O-O Qd7 14. Re1 Bh3 15. Bh1 Rfe8 16. Ne4 Nxe4 17. Bxe4 Bf5 18. Bg2 e4 19. b4 Rad8 20. e3 d3 21. Bd2 Ne5 22. Rc1 Bg4 23. Qb3 Nf3+ 24. Kh1 Nxd2 25. Qc3 Nf3 26. Red1 Bh3 27. c5 Bxg2+ 28. Kxg2 Qg4 29. h3 Qg6 30. b5 h5 31. c6 bxc6 32. bxc6 h4 33. c7 Rc8 34. g4 f5 35. Qc6 Qxc6 36. Rxc6 fxg4 37. hxg4 Re7 38. Rc4 Rcxc7 39. Rxe4 Rxe4 40. Kxf3 Ree7 41. Rxd3 Red7 42. Rb3 Rc2 43. g5 Kh7 44. Rb4 Kg6 45. Rxh4 Kxg5 46. Rg4+ Kf6 47. Kg3 g5 48. Ra4 Rdd2 49. Ra6+ Kf5 50. Ra5+ Ke4 51. Ra4+ Kd3 52. Kg4 Rxf2 53. Kxg5 Kxe3 54. Rxa7 Rc1 55. Re7+ Kd4 56. Rd7+ Kc3 57. Kh4 Rg1 58. Kh3 Rf8 59. Kh2 Rg6 60. Rc7+ Kb3 61. Rh7 Kxa3 62. Rh5 Rff6 63. Rd5 Kb3 64. Rc5 Kb4 65. Rc7 Rc6 66. Rd7 Kc5 67. Rd8 Rcd6 68. Rc8+ Kd4 69. Ra8 Ke3 70. Ra3+ Rd3 71. Ra8 Kf2 72. Ra2+ Kf3 73. Ra8 Rd2+ 74. Kh1 Rh6+ 75. Kg1 Rd1# 0-1


[Site "https://www.chess.com"]

[Event "Titled Tuesday Blitz July 11 Late 2023"]
[White "Tanenbaum, Zachary"]
[Black "Baches Garcia, Guillermo"]
[WhiteFideId "2060850"]
[BlackFideId "2209764"]
[WhiteElo "2744"]
[BlackElo "2464"]
[Result "1-0"]
[Round "2"]
[TimeControl "180+2"]
[Date "2023.07.11"]
[WhiteClock "0:02:09"]
[BlackClock "0:00:00"]
[Board "56"]

1. e4 d5 2. exd5 Qxd5 3. Nc3 Qa5 4. d4 Nf6 5. Nf3 Bf5 6. Bd2 e6 7. Ne5 c6 8. g4 Bg6 9. h4 h5 10. Nxg6 fxg6 11. g5 Nd5 12. Bd3 Ne7 13. Qe2 Nd7 14. Nb5 Qxb5 15. Bxb5 cxb5 16. Qxb5 O-O-O 17. Qc4+ Nc6 18. O-O-O 1-0


[Site "https://www.chess.com"]

[Event "Titled Tuesday Blitz July 11 Late 2023"]
[White "Korchmar, Vasiliy"]
[Black "Mujumdar, Sameer"]
[WhiteFideId "24131750"]
[BlackFideId "2029707"]
[WhiteElo "2723"]
[BlackElo "2455"]
[Result "1-0"]
[Round "2"]
[TimeControl "180+2"]
[Date "2023.07.11"]
[WhiteClock "0:01:47"]
[BlackClock "0:00:01"]
[Board "58"]

1. e4 c6 2. d4 d5 3. exd5 cxd5 4. Bd3 Nc6 5. c3 Nf6 6. h3 g6 7. Nf3 Bg7 8. O-O O-O 9. Re1 Bf5 10. Bxf5 gxf5 11. Nbd2 e6 12. Nf1 Ne4 13. Bf4 b5 14. a3 a5 15. Ne5 Nxe5 16. dxe5 b4 17. axb4 axb4 18. Rxa8 Qxa8 19. cxb4 h6 20. h4 f6 21. exf6 Bxf6 22. f3 Qa7+ 23. Be3 d4 24. Bxh6 Bxh4 25. fxe4 Bxe1 26. Bxf8 Kxf8 27. Qxe1 d3+ 28. Qf2 Qa1 29. exf5 e5 30. Qc5+ Kf7 31. Qxe5 Qd1 32. b5 Qe2 33. Qxe2 dxe2 34. Kf2 exf1=Q+ 35. Kxf1 Kf6 36. g4 1-0


[Site "https://www.chess.com"]